 Dungeon Crawl Stone Soup version 0.20.1-1-g8b1a95d (webtiles) character file.

1037 slep the Slasher (level 8, -3/71 HPs)
             Began as a Minotaur Abyssal Knight on Oct 29, 2017.
             Was a Priest of Lugonu.
             Slain by an ogre
             ... wielding a +0 giant club
              (22 damage)
             ... on level 5 of the Dungeon.
             The game lasted 00:19:57 (3539 turns).

slep the Slasher (Minotaur Abyssal Knight)          Turns: 3539, Time: 00:19:57

Health: -3/71      AC:  5    Str: 17    XL:     8   Next: 4%
Magic:  8/8        EV: 14    Int:  9    God:    Lugonu [***...]
Gold:   387        SH:  0    Dex: 17    Spells: 7/7 levels left

rFire    . . .     SeeInvis .   a - +1 falchion
rCold    . . .     Gourm    .   (no shield)
rNeg     . . .     Faith    .   b - +0 leather armour
rPois    .         Spirit   .   (helmet restricted)
rElec    .         Reflect  .   l - +0 cloak
rCorr    .         Harm     .   v - +0 pair of gloves
MR       .....                  (no boots)
Stlth    +.........             (no amulet)
Regen    0.3/turn               g - +5 ring of dexterity
MPRegen  0.2/turn               t - ring of loudness (curse)

@: no status effects
A: retaliatory headbutt, horns 2
a: Depart the Abyss, Bend Space, Banish, Renounce Religion


You were on level 5 of the Dungeon.
You worshipped Lugonu.
Lugonu was most pleased with you.
You were not hungry.

You visited 1 branch of the dungeon, and saw 5 of its levels.
You visited the Abyss 1 time.
You also visited: Ossuary.

You collected 387 gold pieces.

Inventory:

Hand Weapons
 a - a +1 falchion (weapon)
 A - a +0 spear of piercing
Missiles
 f - 8 exploding tomahawks (quivered)
Armour
 b - a +0 leather armour (worn)
 l - a +0 cloak (worn)
 s - a +2 robe
 v - a +0 pair of gloves (worn)
Jewellery
 g - a +5 ring of dexterity (left hand)
 p - a +4 ring of intelligence
 q - a +5 ring of intelligence
 t - a cursed ring of loudness (right hand)
 u - a +4 ring of dexterity
Wands
 w - a wand of iceblast (7/15)
Scrolls
 d - 3 scrolls of amnesia {unknown}
 e - 9 scrolls of identify {unknown}
 k - 4 scrolls of remove curse {unknown}
 o - 2 scrolls of immolation {unknown}
 r - a scroll of teleportation {unknown}
 y - 2 scrolls of noise {unknown}
 D - a scroll of vulnerability {unknown}
 G - a scroll of random uselessness {unknown}
Potions
 h - a potion of haste {unknown}
 n - a potion of agility {unknown}
 x - 2 potions of flight {unknown}
 z - a potion of lignification {unknown}
 B - a potion of brilliance {unknown}
 C - a potion of cancellation {unknown}
 E - 3 potions of might
 F - a potion of mutation {unknown}
 H - a potion of curing {unknown}
 I - 2 potions of heal wounds {unknown}
Comestibles
 c - 2 bread rations
 i - 2 meat rations
 j - 4 royal jellies
 m - 9 fruits
 J - 9 chunks of flesh


   Skills:
 + Level 6.4 Fighting
 + Level 7.5 Long Blades
 + Level 4.1 Armour
 + Level 4.3 Dodging
 + Level 1.8 Stealth
 + Level 2.2 Invocations


You had 7 spell levels left.
You didn't know any spells.

Dungeon Overview and Level Annotations

Branches:
Dungeon (5/15)             Temple (0/1) D:4

Altars:
Nemelex Xobeh
Qazlal

Annotations:
D:5 Menkaure


Innate Abilities, Weirdness & Mutations

You reflexively headbutt those who attack you in melee.
You have a pair of horns on your head.


Message History

You now have 387 gold pieces (gained 13).
You see here an arrow.
c - 2 bread rations (gained 1)
You see here an arrow.
Some of the chunks of flesh in your inventory have rotted away.
Eating one of 10 chunks of flesh.
You eat one of the 10 chunks of flesh.
This raw flesh tastes terrible.
Menkaure, Prince of Dust comes into view.
Found a twisted beryl amulet.
An ogre comes into view. It is wielding a giant club.
Found a knobbly copper ring and a bread ration.
Unknown command.
You slash the ogre! Your headbutt misses the ogre.
The ogre is moderately wounded.
The ogre hits you with a giant club!
* * * LOW HITPOINT WARNING * * *
You hit the ogre.
The ogre is moderately wounded.
The ogre hits you with a giant club!!
You die...

### #.........O"# ##..... .
####.### #...........# #......
..#.(....## #.........#
##...... #.........#
#........# #.......
....).....## ##...M..#
#....... ...........##
#......# #.......
..........(.# #M.#####
#....... ........(.(.###O##
##...... .........((.#...@###
##...#..
..<......(.....#...###
###...####
.........(....###....###....##
#.............#####........##
#####.........#.###......###
####................##
##.[.................##
##)......)....########.#######
###....####...### ##.......


You could see an ogre and Menkaure.

Vanquished Creatures
  Sigmund (D:4)
  The ghost of WindowMaker the Sneak, an amateur DsAs of Makhleb (D:3)
  An ogre (D:4)
  A phantom (D:4)
  2 centaurs (D:5)
  A scorpion (D:5)
  A bullfrog skeleton (D:4)
  Ijyb (D:3)
  Natasha (thrice) (D:3)
  A worker ant (D:4)
  A hound skeleton (D:4)
  3 mummies (Ossuary)
  A howler monkey skeleton (D:4)
  3 gnolls (D:4)
  6 adders
  An adder skeleton (D:4)
  An adder zombie (Ossuary)
  A worm (D:3)
  3 dart slugs
  A leopard gecko (D:2)
  An orc (D:4)
  4 ball pythons
  A giant cockroach (D:1)
  A gnoll zombie (Ossuary)
  6 goblins
  5 hobgoblins
  11 jackals
  4 kobolds
  2 quokkas
  6 bats
  8 frilled lizards
  5 goblin zombies (Ossuary)
  2 hobgoblin zombies (Ossuary)
  3 kobold zombies (Ossuary)
  A leopard gecko skeleton (D:4)
  A quokka zombie (Ossuary)
  4 rats
  5 rat zombies (Ossuary)
104 creatures vanquished.

Notes
Turn   | Place    | Note
-------+----------+-------------------------------------------
     0 | Abyss:1  | slep the Minotaur Abyssal Knight began the quest for the Orb.
     0 | Abyss:1  | Reached XP level 1. HP: 19/19 MP: 1/1
    73 | Abyss:1  | Found a corrupted altar of Lugonu.
   153 | Abyss:1  | Noticed an iron imp
   162 | Abyss:1  | Noticed a thrashing horror
   164 | D:1      | Escaped the Abyss
   256 | D:1      | Reached XP level 2. HP: 16/27 MP: 2/2
   587 | D:1      | Reached * piety under Lugonu
  1193 | D:2      | Found a sparkling altar of Nemelex Xobeh.
  1201 | D:2      | Reached skill level 3 in Long Blades
  1201 | D:2      | Reached XP level 3. HP: 20/34 MP: 3/3
  1617 | D:3      | Reached ** piety under Lugonu
  1713 | D:3      | Noticed Natasha
  1726 | D:3      | Reached XP level 4. HP: 23/41 MP: 4/4
  1728 | D:3      | Killed Natasha
  1766 | D:3      | Found a stormy altar of Qazlal.
  1800 | D:3      | Reached skill level 5 in Fighting
  1800 | D:3      | Reached skill level 1 in Stealth
  1937 | D:3      | Noticed WindowMaker's ghost (amateur DsAs)
  1949 | D:3      | Killed WindowMaker's ghost
  1949 | D:3      | Reached skill level 4 in Long Blades
  1949 | D:3      | Reached XP level 5. HP: 19/48 MP: 5/5
  2010 | D:3      | Noticed Ijyb
  2027 | D:3      | Killed Ijyb
  2027 | D:3      | Reached skill level 5 in Long Blades
  2027 | D:3      | Reached XP level 6. HP: 25/56 MP: 6/6
  2346 | D:3      | Noticed Natasha
  2357 | D:3      | Killed Natasha
  2462 | D:3      | Noticed Natasha
  2468 | D:3      | Killed Natasha
  2497 | D:4      | Noticed Sigmund
  2503 | D:4      | Killed Sigmund
  2506 | D:4      | Reached XP level 7. HP: 61/61 MP: 7/7
  2614 | D:4      | Found a staircase to the Ecumenical Temple.
  2742 | D:4      | Reached skill level 6 in Long Blades
  3057 | D:4      | Found a sand-covered staircase.
  3063 | Ossuary  | Entered an ossuary
  3131 | Ossuary  | Reached *** piety under Lugonu
  3393 | D:4      | You fall through a shaft!
  3393 | D:5      | Entered Level 5 of the Dungeon
  3396 | D:5      | Reached skill level 7 in Long Blades
  3434 | D:5      | Reached XP level 8. HP: 9/71 MP: 8/8
  3526 | D:5      | Noticed Menkaure
  3539 | D:5      | Slain by an ogre

Skill      XL: |  1  2  3  4  5  6  7 |
---------------+----------------------+-----
Invocations    | 2 |  2.2
Fighting       | 4 5 6 |  6.4
Long Blades    | 3 4 5 7 |  7.5
Stealth        | 1 |  1.8
Armour         | 3 4 |  4.1
Dodging        | 2 3 4 |  4.3

Action                   |  1- 3 |  4- 6 |  7- 9 || total
-------------------------+-------+-------+-------++-------
Melee: Falchion          |    74 |    69 |   105 ||   248
       Headbutt          |    17 |    14 |    26 ||    57
Invok: Depart the Abyss  |     1 |       |       ||     1
  Use: Potion            |       |     2 |       ||     2
 Stab: Sleeping          |       |     1 |       ||     1
  Eat: Chunk             |     3 |     2 |     4 ||     9
Armor: Leather armour    |    29 |    22 |    22 ||    73
Dodge: Dodged            |    45 |    36 |    72 ||   153
       Rpst.: Falchion   |    13 |     6 |    22 ||    41
